AoeStats
← Hardware

Black Forest

510563672Analyzed
3v3 RM · 1d ago on Oct 1, 2026· 54m 12s· 6 players
Game mode
Random Map
Map size
Normal (6 player)
Population
200
Speed
Normal
Resources
Standard
Victory
Conquest
Starting age
Dark Age
Ending age
Imperial Age
RankedLock teamsTeams togetherTeam positionsShared explorationLock speedFull tech treeHidden civsTurbo modeCheats
Victory
Defeat
🇹🇷 Ethiopians · Türkiye
1013
+13
🇹🇷 Franks · Türkiye
977
+14
🇹🇷 Britons · Türkiye
843
+20
🇹🇷 Persians · Türkiye
965
-17
🇹🇼 Spanish · Taiwan
928
-15
🇨🇳 Khmer · China
909
-15
承
1:06 Loom
10:46 Feudal Age
19:17 Castle Age
17:21 Double-Bit Axe
17:37 Horse Collar
18:08 Stone Mining
19:57 Bloodlines
19:55 Scale Barding Armor
21:07 Heavy Plow
21:21 Bow Saw
22:07 Husbandry
26:06 Gold Mining
27:09 Forging
27:52 Chain Barding Armor
29:39 Wheelbarrow
28:54 Town Watch
32:38 Imperial Age
31:34 Hand Cart
31:20 Town Patrol
32:05 Iron Casting
31:35 Scale Mail Armor
32:04 Squires
31:26 Pikeman
31:50 Light Cavalry
32:40 Hussar
35:02 Plate Barding Armor
34:32 Elite Conquistador
39:57 Blast Furnace
39:12 Chain Mail Armor
47:26 Plate Mail Armor
Ks1lence
1:20 Loom
11:31 Feudal Age
15:55 Castle Age
13:58 Double-Bit Axe
14:10 Horse Collar
25:51 Heavy Plow
30:10 Imperial Age
28:49 Bow Saw
29:37 Wheelbarrow
32:40 Double Crossbow
32:52 Heavy Scorpion
35:09 Ballistics
34:55 Siege Engineers
34:33 Capped Ram
35:11 Gold Mining
35:11 Stone Mining
35:02 Light Cavalry
35:53 Bloodlines
35:44 Husbandry
37:55 Conscription
37:40 Siege Ram
39:53 Forging
39:49 Scale Barding Armor
39:18 Pikeman
45:35 Hussar
48:40 Halberdier
Hz.Jesus
0:38 Loom
14:21 Feudal Age
18:50 Castle Age
16:49 Double-Bit Axe
18:05 Forging
17:51 Stone Mining
20:19 Gold Mining
23:28 Bow Saw
26:10 Iron Casting
25:41 Scale Barding Armor
26:31 Fishing Lines
26:37 Fishing Lines
27:00 Horse Collar
33:57 Imperial Age
31:42 Fletching
32:58 Wheelbarrow
33:29 Chain Barding Armor
33:10 Padded Archer Armor
34:07 Bloodlines
33:58 Husbandry
34:05 Kamandaran
34:19 Elite Skirmisher
34:58 Bodkin Arrow
35:18 Leather Archer Armor
36:51 Plate Barding Armor
37:24 Chemistry
37:15 Ring Archer Armor
38:37 Two-Man Saw
39:03 Heavy Plow
38:30 Cavalier
40:13 Blast Furnace
40:01 Gold Shaft Mining
40:52 Ballistics
41:20 Conscription
40:33 Savar
47:08 Heavy Camel Rider
48:03 Citadels
49:24 Hand Cart
51:14 Light Cavalry
53:23 Hussar
MASON GREENWOOD
0:31 Loom
12:10 Feudal Age
16:32 Castle Age
14:45 Double-Bit Axe
16:17 Horse Collar
19:20 Wheelbarrow
19:09 Bow Saw
18:52 Gold Mining
19:20 Heavy Plow
19:11 Stone Mining
20:45 Gold Shaft Mining
28:50 Hand Cart
31:16 Imperial Age
29:33 Masonry
29:29 Padded Archer Armor
29:19 Fletching
30:35 Caravan
31:16 Leather Archer Armor
30:22 Elite Skirmisher
31:04 Bodkin Arrow
31:52 Ballistics
31:31 Murder Holes
33:03 Chemistry
32:43 Ring Archer Armor
33:58 Architecture
33:33 Siege Engineers
33:30 Bracer
34:03 Siege Engineers
36:17 Two-Man Saw
34:54 Onager
36:12 Torsion Engines
36:49 Siege Onager
43:58 Guilds
46:52 Husbandry
46:58 Scale Barding Armor
48:43 Coinage
50:23 Heavy Camel Rider
52:20 Chain Barding Armor
52:11 Forging
Hardware
0:36 Loom
12:40 Feudal Age
16:59 Castle Age
15:54 Horse Collar
16:05 Double-Bit Axe
27:53 Heavy Plow
28:18 Bow Saw
30:05 Wheelbarrow
33:00 Imperial Age
32:37 Hand Cart
34:06 Pikeman
34:47 Squires
36:24 Chemistry
35:27 Scale Mail Armor
35:37 Forging
36:45 Two-Man Saw
36:24 Chain Mail Armor
37:34 Iron Casting
37:01 Padded Archer Armor
37:25 Ballistics
37:58 Gold Mining
38:04 Stone Mining
38:07 Elite Longbowman
38:30 Crossbowman
38:42 Halberdier
39:48 Onager
39:52 Elite Skirmisher
41:59 Blast Furnace
41:30 Plate Mail Armor
40:52 Fletching
41:18 Leather Archer Armor
41:04 Town Watch
41:52 Scale Barding Armor
42:04 Leather Archer Armor
42:28 Warwolf
42:14 Cavalier
42:54 Husbandry
46:13 Ring Archer Armor
46:06 Chain Barding Armor
45:41 Bodkin Arrow
49:47 Plate Barding Armor
49:15 Bracer
49:43 Man-at-Arms
50:09 Gambesons
51:24 Light Cavalry
NOOB
10:41 Feudal Age
10:50 Loom
11:17 Double-Bit Axe
18:52 Castle Age
17:02 Fishing Lines
20:33 Bow Saw
20:29 Gillnets
20:47 Husbandry
21:09 Gold Mining
22:49 Wheelbarrow
24:48 Hand Cart
25:49 Town Watch
25:56 Stone Mining
31:22 Imperial Age
29:19 Scale Barding Armor
29:26 Forging
29:19 Caravan
30:29 Gold Shaft Mining
31:16 Town Patrol
32:27 Iron Casting
32:13 Chain Barding Armor
31:52 Cavalier
34:41 Chemistry
33:37 Paladin
35:05 Chivalry
35:26 Conscription
36:48 Block Printing
38:22 Plate Barding Armor
38:49 Blast Furnace
39:02 Illumination
Connection lost

Rejoining the realm…

Still unreachable

The connection could not be restored.

Session expired

The server has moved on; the page needs a fresh start.